 Dungeon Crawl Stone Soup version 0.31-a0-233-g139696dc86 (webtiles) character file.

Game seed: 972243201126690302

66 qw the Shooter (level 3, -1/29 HPs)
             Began as a Minotaur Hexslinger on July 7, 2023.
             Slain by an orc priest
             ... wielding a +0 flail
              (10 damage)
             ... on level 2 of the Dungeon.
             The game lasted 00:00:28 (1001 turns).

qw the Shooter (Minotaur Hexslinger)                Turns: 1001, Time: 00:00:28

Health: -1/29      AC:  3    Str: 12    XL:     3   Next: 96%
Magic:  3/3        EV: 12    Int: 10    God:
Gold:   12         SH:  0    Dex: 14    Spells: 3/4 levels left

rFire   . . .        Y - +2 sling
rCold   . . .        (no shield)
rNeg    . . .        j - +0 leather armour
rPois   .            (helmet restricted)
rElec   .            (no cloak)
rCorr   .            (no gloves)
SInv    .            (no boots)
Will    .....        (no amulet)
Stlth   +            (no ring)
HPRegen 0.24/turn    (no ring)
MPRegen 0.08/turn

%: no passive effects
@: no status effects
A: horns 2, retaliatory headbutt
a: no special abilities


You were on level 2 of the Dungeon.
You visited 1 branch of the dungeon, and saw 2 of its levels.

You collected 12 gold pieces.


Innate Abilities, Weirdness & Mutations

You have a pair of horns on your head.
You reflexively headbutt those who attack you in melee.


   Skills:
 - Level 2.0 Fighting
 + Level 4.4 Ranged Weapons
 - Level 2.1 Dodging
 - Level 1.0 Spellcasting
 - Level 2.0 Hexes


You had 3 spell levels left.
You knew the following spells:

 Your Spells              Type           Power      Damage    Failure   Level
a - Slow                  Hex            16%        N/A       19%         1

Your spell library contained the following spells:

 Spells                   Type           Power      Damage    Failure   Level
 Inner Flame              Hex/Fire       2%         N/A       65%         3
 Portal Projectile        Hex/Tloc       4%         N/A       65%         3
 Cause Fear               Hex            2%         N/A       88%         4

Inventory:

Hand Weapons
 Y - a +2 sling (weapon)
Armour
 j - a +0 leather armour (worn)
Scrolls
 f - a scroll of identify

Dungeon Overview and Level Annotations

Branches:
Dungeon (2/15)

Altars:


Message History

You kill the orc!
You shoot a sling bullet. The sling bullet hits the orc priest.
The orc priest is lightly wounded.
The orc priest looks encouraged for a moment.
You shoot a sling bullet.
The sling bullet closely misses the orc priest.
You shoot a sling bullet.
The sling bullet closely misses the orc priest.
You shoot a sling bullet.
The sling bullet closely misses the orc priest.
You shoot a sling bullet. The sling bullet hits the orc priest.
The orc priest is lightly wounded.
The orc priest barely misses you.
You shoot a sling bullet.
The sling bullet hits the orc priest but does no damage.
The orc priest is lightly wounded.
The orc priest hits you with a +0 flail.
You shoot a sling bullet. The sling bullet hits the orc priest!
The orc priest is heavily wounded.
The orc priest barely misses you.
You shoot a sling bullet.
The sling bullet hits the orc priest but does no damage.
The orc priest is heavily wounded.
The orc priest hits you with a +0 flail.
The orc priest barely misses you.
You shoot a sling bullet.
The sling bullet closely misses the orc priest.
The orc priest hits you with a +0 flail.
You shoot a sling bullet.
The sling bullet hits the orc priest but does no damage.
The orc priest is heavily wounded.
The orc priest hits you with a +0 flail.
You shoot a sling bullet. The sling bullet hits the orc priest.
The orc priest is severely wounded.
The orc priest hits you with a +0 flail!
You shoot a sling bullet.
The sling bullet closely misses the orc priest.
The orc priest begins to cast a cantrip, but forgets the words!
The orc priest hits you with a +0 flail!
You die...

#..#.#.##.# ##.##
#......>#.# #.#
##.#.#..#.# #.#
###...#.#.# #.#
.<........# #.#
#######...# #.#
.###### ####.# #.#
.......####.##.# #.#
..)....@%....#.####...
######o####)....%>....
#) ####.##..... .# #.#
.... .# ... ... .#
..## .. #. #.## . # #.
#.


You could see an orc priest.

Vanquished Creatures
  An orc wizard (D:2)
  A dart slug (D:2)
  An orc (D:2)
  6 endoplasms
  4 goblins (D:1)
  3 hobgoblins (D:1)
  4 kobolds
  2 quokkas (D:1)
  3 ball pythons (D:1)
  4 bats
  3 frilled lizards
  4 rats (D:1)
36 creatures vanquished.

Notes
Turn   | Place    | Note
-------+----------+-------------------------------------------
     0 | D:1      | qw the Minotaur Hexslinger began the quest for the Orb.
     0 | D:1      | Reached XP level 1. HP: 16/16 MP: 1/1
     0 | D:1      | 0 ||| qw: Version: 0.3-a-46-gb1f654a
     0 | D:1      | 0 ||| qw: Game counter: 3153
     0 | D:1      | 0 ||| qw: Melee chars always use a shield: true
     0 | D:1      | 0 ||| qw: God list: Okawaru
     0 | D:1      | 0 ||| qw: Allow faded altars: false
     0 | D:1      | 0 ||| qw: Do Orc after clearing Dungeon:15 true
     0 | D:1      | 0 ||| qw: Do second Lair branch before Depths: true
     0 | D:1      | 0 ||| qw: Lair rune preference: random
     0 | D:1      | 0 ||| qw: Goals: Normal
     0 | D:1      | 0 ||| PLANNING D:1-11
    72 | D:1      | Reached skill level 3 in Ranged Weapons
    72 | D:1      | Reached XP level 2. HP: 15/23 MP: 2/2
    82 | D:1      | 82 ||| FLEEEEING.
    83 | D:1      | 83 ||| FLEEEEING.
    84 | D:1      | 84 ||| FLEEEEING.
    85 | D:1      | 85 ||| FLEEEEING.
    86 | D:1      | 86 ||| FLEEEEING.
    88 | D:1      | 88 ||| FLEEEEING.
    89 | D:1      | 89 ||| FLEEEEING.
    90 | D:1      | 90 ||| FLEEEEING.
    91 | D:1      | 91 ||| FLEEEEING.
    92 | D:1      | 92 ||| FLEEEEING.
    93 | D:1      | 93 ||| FLEEEEING.
   588 | D:1      | Reached XP level 3. HP: 29/29 MP: 3/3
   749 | D:1      | 749 ||| UPGRADING to +0 leather armour.
   759 | D:1      | 759 ||| DROPPING +0 robe.
   760 | D:1      | 760 ||| READING scroll labelled FICLAP HELIOT.
   761 | D:1      | 761 ||| READING scroll labelled XEUHECR YRIES.
   762 | D:1      | 762 ||| READING 2 scrolls labelled FISIGGAR REFIEN.
   763 | D:1      | 763 ||| READING scroll labelled KYOCIL SIEMYO.
   764 | D:1      | 764 ||| READING scroll labelled VYUHIC GICOM.
   815 | D:1      | 815 ||| READING scroll labelled FOITHRI CALAL.
   816 | D:1      | 816 ||| READING scroll labelled YVIKLA NADA.
   819 | D:1      | 819 ||| DRINKING 3 green potions.
   852 | D:1      | 852 ||| DROPPING scroll of poison.
   853 | D:1      | 853 ||| DROPPING 2 potions of lignification.
   981 | D:2      | Reached skill level 4 in Ranged Weapons
  1001 | D:2      | Slain by an orc priest

Levels and vault maps discovered:
D:1:      amcnicky_arrival_blooded_trapdoor, layout_basic
D:2:      layout_loops_ring

Skill      XL: |  1  2  3 |
---------------+----------+-----
Ranged Weapons | 3 4 |  4.4
Fighting       | 2 |  2.0
Dodging        | |  2.1
Spellcasting   | |  1.0
Hexes          | |  2.0

Action                     || total
---------------------------++-------
   Fire: Sling             ||   104
    Use: Scroll            ||     7
         Potion            ||     1
  Dodge: Dodged            ||    20

Table legend:
 A = Non-vault XP
 B = Vault XP
 C = Vault XP percentage of total XP
 D = Non-vault monster count
 E = Vault monster count
 F = Vault count percentage of total count
                 A         B        C        D         E       F
            +---------+---------+-------+---------+---------+-------
      Total |      95 |       0 |   0.0 |      36 |       0 |   0.0
            +---------+---------+-------+---------+---------+-------
        D:1 |      46 |       0 |   0.0 |      28 |       0 |   0.0
        D:2 |      49 |       0 |   0.0 |       8 |       0 |   0.0
            +---------+---------+-------+---------+---------+-------
